 Dungeon Crawl Stone Soup version 0.30-b1-2-g02819fbbbe (webtiles) character file.

Game seed: 16767668143213382352

32 Alarkh the Sneak (level 3, 19/29 HPs)
             Began as a Demonspawn Delver on May 22, 2023.
             Quit the game on level 5 of the Dungeon.
             The game lasted 00:01:08 (355 turns).

Alarkh the Sneak (Demonspawn Delver)                 Turns: 355, Time: 00:01:09

Health: 19/29      AC:  7    Str: 12    XL:     3   Next: 8%
Magic:  3/3        EV: 10    Int: 13    God:
Gold:   8          SH:  0    Dex: 14    Spells: 2/2 levels left

rFire   . .          .
                       - Unarmed
rCold   . . .        (no shield)
rNeg    . . .        h - +0 ring mail
rPois   .            (no helmet)
rElec   .            (no cloak)
rCorr   .            (no gloves)
SInv    .            (no boots)
Will    .....        (no amulet)
Stlth   ++           (no ring)
HPRegen 0.24/turn    (no ring)
MPRegen 0.08/turn

%: no passive effects
@: hasted, very quick
A: thin metallic scales 1, weakness stinger 1
a: no special abilities


You were on level 5 of the Dungeon.
You visited 1 branch of the dungeon, and saw 2 of its levels.

You collected 8 gold pieces.

Inventory:

Armour
 a - a +0 leather armour
 h - a +0 ring mail (worn)
Magical Staves
 g - a staff of poison
Wands
 f - a wand of digging (3)
Scrolls
 b - a scroll of fog
 c - a scroll of magic mapping
 d - a scroll of fear


   Skills:
 - Level 3.0 Fighting
 - Level 1.7 Dodging
 - Level 4.5 Stealth
 + Level 3.2 Unarmed Combat


You had 2 spell levels left.
You didn't know any spells.
Your spell library was empty.

Dungeon Overview and Level Annotations

Branches:
Dungeon (5/15)
 Temple: D:4-7

Altars:

Shops:
D:5 *


Innate Abilities, Weirdness & Mutations

You are partially covered in thin metallic scales. (AC +2)
You have a small tail.


Message History

You are engulfed in a cloud of soporific spores!
You are unaffected.
You hit the sleepcap.
The sleepcap is moderately damaged.
You hit the sleepcap.
The sleepcap is moderately damaged.
The sleepcap barely misses you.
You hit the sleepcap but do no damage.
The sleepcap is moderately damaged.
The sleepcap releases spores at you but does no damage.
You hit the sleepcap.
The sleepcap is heavily damaged.
You hit the sleepcap but do no damage.
The sleepcap is heavily damaged.
The sleepcap barely misses you.
You hit the sleepcap.
The sleepcap is heavily damaged.
You hit the sleepcap but do no damage.
The sleepcap is heavily damaged.
The sleepcap releases spores at you.
You are engulfed in a cloud of soporific spores!
You fall asleep.
The sleepcap releases spores at you.
You wake up.
You hit the sleepcap.
The sleepcap is severely damaged.
The sleepcap closely misses you.
You hit the sleepcap.
The sleepcap is almost destroyed.
You hit the sleepcap.
You destroy the sleepcap!
Your Unarmed Combat skill increases to level 3!
You have reached level 2!
Your demonic ancestry asserts itself...
Thin metallic scales grow over part of your body.
You have reached level 3!
Your experience leads to an increase in your attributes!
Increase (S)trength, (I)ntelligence, or (D)exterity?
You feel clever. x2; Your demonic ancestry asserts itself...
You grow a small tail.
Are you sure you want to abandon this character and quit the game? (Confirm with "yes".)

..........#
[..####>#.# #### #.#.#
#.#.# #.#.####
##.####......#
#########
..........##.#
#.......#
##.####.####.#####
#.#####.#
#.##......@###.#####.#
#†##.#.###...........#
#.##.#.#
#####..#.##....
#......# #..#.# .
####.### #..... #.#
##.#### #.# #.# #.#
... ... ...


There were no monsters in sight!

Vanquished Creatures
  A sleepcap (D:5)
  2 dart slugs
  A hobgoblin (D:4)
4 creatures vanquished.

Notes
Turn   | Place    | Note
-------+----------+-------------------------------------------
     0 | D:5      | Alarkh the Demonspawn Delver began the quest for the Orb.
     0 | D:5      | Reached XP level 1. HP: 18/18 MP: 1/1
    46 | D:4      | Noticed an ogre
   246 | D:5      | Found Kerup's Lightly-Used Armoury.
   248 | D:5      | Noticed a scorpion
   328 | D:5      | Noticed a sleepcap
   354 | D:5      | Killed a sleepcap
   355 | D:5      | Gained mutation: You are partially covered in thin metallic
                  | scales. (AC +2) [demonic ancestry]
   355 | D:5      | Reached XP level 2. HP: 15/24 MP: 2/2
   355 | D:5      | Gained mutation: You have a small tail. [demonic ancestry]
   355 | D:5      | Reached XP level 3. HP: 19/29 MP: 3/3
   355 | D:5      | Quit the game

Illustrated notes

Levels and vault maps discovered:
D:4:      layout_basic, dreamdust_princess_corridor
D:5:      layout_loops_cross, minmay_shop_damaged, kennysheep_generic_room_11

Skill      XL: |  1 |
---------------+----+-----
Unarmed Combat | 3 |  3.2
Fighting       | |  3.0
Dodging        | |  1.7
Stealth        | |  4.5

Action                     || total
---------------------------++-------
  Melee: Unarmed           ||    29
    Use: Potion            ||     2
   Stab: Sleeping          ||     1
 Armour: Ring mail         ||     4
  Dodge: Dodged            ||     8
